 Dungeon Crawl Stone Soup version 0.18-a0-801-gb01a236 (webtiles) character file.

828 JokEr the Sneak (level 7, -4/50 HPs)
             Began as an Octopode Fighter on Dec 14, 2015.
             Slain by JokEr's ghost (19 damage)
             ... on level 5 of the Dungeon.
             The game lasted 00:11:54 (5839 turns).

JokEr the Sneak (Octopode Fighter)                  Turns: 5839, Time: 00:11:54

Health: -4/50      AC:  1    Str: 17    XL:     7   Next: 97%
Magic:  7/7        EV: 10    Int: 10    God:
Gold:   248        SH:  9    Dex: 12    Spells: 0 memorised, 6 levels left

rFire  . . .     SeeInvis .     a - +0 war axe
rCold  . . .     Clarity  .     b - +0 shield
rNeg   . . .     SustAt   .     (helmet restricted)
rPois  .         Gourm    .     (no amulet)
rElec  .         Spirit   .     k - ring of protection from magic
rCorr  .         Dismiss  .     (no ring)
rMut   .         Stasis   .     (no ring)
MR     +....                    (no ring)
Stlth  +++++.....               (no ring)
                                (no ring)
                                (no ring)
                                (no ring)

@: somewhat resistant to hostile enchantments, quite stealthy
A: almost no armour, amphibious, 8 rings, constrict 8, camouflage 1, gelatinous
body 1
a: no special abilities


You were on level 5 of the Dungeon.
You were not hungry.

You visited 1 branch of the dungeon, and saw 5 of its levels.

You collected 248 gold pieces.

Inventory:

Hand Weapons
 a - a +0 war axe (weapon)
Armour
 b - a +0 shield (worn)
Jewellery
 k - a ring of protection from magic (left tentacle)
 o - an uncursed ring of flight
Wands
 c - a wand of disintegration (1)
Scrolls
 g - a scroll of identify
 l - a scroll of remove curse
 r - a scroll of teleportation
Potions
 e - a potion of ambrosia {unknown}
 f - a potion of lignification {unknown}
 h - a potion of poison {unknown}
 j - a potion of magic {unknown}
 m - a potion of heal wounds {unknown}
 p - a potion of degeneration {unknown}
 q - a potion of haste {unknown}
Comestibles
 d - a bread ration
 i - a beef jerky
 n - 5 fruits


   Skills:
 + Level 5.5 Fighting
 + Level 5.5 Axes
 - Level 3.0 Dodging
 + Level 7.0 Stealth
 - Level 3.0 Shields


You had 6 spell levels left.
You didn't know any spells.

Dungeon Overview and Level Annotations

Branches:
Dungeon (5/15)
 Temple: D:4-7

Altars:
Dithmenos
Fedhas
Pakellas
Sif Muna
Xom
The Shining One

Annotations:
D:5 JokEr's ghost, novice OpFi


Innate Abilities, Weirdness & Mutations

You cannot wear most types of armour.
You are amphibious.
You can wear up to eight rings at the same time.
You can use your tentacles to constrict eight enemies at once.
Your skin changes colour to match your surroundings (Stealth).
Your rubbery body absorbs attacks (AC +1).


Message History

You block JokEr's ghost's attack.
You hit JokEr's ghost but do no damage.
JokEr's ghost is moderately damaged.
You block JokEr's ghost's attack.
You slash JokEr's ghost!
JokEr's ghost is heavily damaged.
JokEr's ghost barely misses you.
You hit JokEr's ghost but do no damage. You squeeze JokEr's ghost!
JokEr's ghost is severely damaged.
JokEr's ghost says, "They lied to you.
The Dungeon just goes down and down forever."
JokEr's ghost hits you!
* * * LOW HITPOINT WARNING * * *
You block JokEr's ghost's attack.
Drink which item? (? for menu, Esc to quit)
Okay, then.
You slash JokEr's ghost!
You squeeze JokEr's ghost, but do no damage.
JokEr's ghost is almost destroyed.
JokEr's ghost hits you!!
You die...

####+###
.......
# .....
!# ....
..## #..
....
#W#..#
#@...#
#....#
#.$..#
.....#
..#..#
......#
...#..#
....#..#


You could see JokEr's ghost.

Vanquished Creatures
  The ghost of Crishpax the Thaumaturge, a novice DEWz (D:4)
  A phantom (D:4)
  A centaur (D:3)
  A giant frog (D:4)
  A scorpion (D:4)
  A crimson imp (D:3)
  A giant frog skeleton (D:4)
  3 orc wizards (D:4)
  A worker ant (D:4)
  Robin (D:2)
  3 adders
  3 gnolls (D:4)
  An adder skeleton (D:4)
  2 worms (D:3)
  3 giant geckos
  8 orcs
  A ball python (D:3)
  3 giant cockroaches
  16 hobgoblins
  2 jackals (D:3)
  4 kobolds
  2 quokkas
  8 bats
  5 giant newts
  15 goblins
  6 rats
94 creatures vanquished.

Notes
Turn   | Place    | Note
--------------------------------------------------------------
     0 | D:1      | JokEr the Octopode Fighter began the quest for the Orb.
     0 | D:1      | Reached XP level 1. HP: 16/16 MP: 1/1
   100 | D:1      | Reached skill level 1 in Stealth
   100 | D:1      | Reached XP level 2. HP: 21/21 MP: 2/2
  1067 | D:2      | Noticed Robin
  1075 | D:1      | Reached XP level 3. HP: 19/26 MP: 3/3
  1441 | D:2      | Killed Robin
  1800 | D:2      | Reached XP level 4. HP: 19/31 MP: 4/4
  1986 | D:2      | Found a shimmering altar of Xom.
  2217 | D:2      | Found a deep blue altar of Sif Muna.
  2217 | D:2      | Found a shadowy altar of Dithmenos.
  2743 | D:3      | Found a glowing golden altar of the Shining One.
  2760 | D:3      | Noticed a centaur
  2763 | D:3      | Killed a centaur
  2763 | D:3      | Reached skill level 4 in Fighting
  2763 | D:3      | Reached XP level 5. HP: 22/37 MP: 5/5
  3170 | D:3      | Reached XP level 6. HP: 29/43 MP: 6/6
  3773 | D:4      | Reached skill level 5 in Stealth
  3887 | D:4      | Noticed Crishpax's ghost (novice DEWz)
  3887 | D:4      | Found a blossoming altar of Fedhas.
  3911 | D:4      | Killed Crishpax's ghost
  3911 | D:4      | Reached skill level 5 in Fighting
  3911 | D:4      | Reached skill level 5 in Axes
  3911 | D:4      | Reached skill level 6 in Stealth
  3911 | D:4      | Reached XP level 7. HP: 32/50 MP: 7/7
  4674 | D:4      | Reached skill level 7 in Stealth
  4794 | D:4      | Found an oddly glowing altar of Pakellas.
  5293 | D:5      | Entered Level 5 of the Dungeon
  5293 | D:5      | Noticed JokEr's ghost (novice OpFi)
  5839 | D:5      | Slain by JokEr's ghost

Vault maps used:
D:1:      dpeg_arrival_round_b
D:2:      nicolae_overflow_crystal_walls, gammafunk_temple_overflow_pools,
          minmay_stone_trees_medium, uniq_robin
D:3:      tso_oasis_becter, first_bread
D:4:      johnstein_pakellas_dig, old_standard_altar
D:5:      okawaru_ov_weapons_minmay, basic_altar, serial_shops, shop_scrolls,
          minmay_joined_circles, uniq_edmund

Action                   |  1- 3 |  4- 6 |  7- 9 || total
-------------------------+-------+-------+-------++-------
Melee: War axe           |    62 |    90 |    45 ||   197
  Use: Scroll            |     3 |     5 |       ||     8
       Potion            |       |       |     4 ||     4
 Stab: Sleeping          |     8 |     6 |     1 ||    15
  Eat: Chunk             |     3 |     6 |     1 ||    10
       Bread ration      |       |       |     1 ||     1
       Beef jerky        |       |       |     1 ||     1
